 Dungeon Crawl Stone Soup version 0.31-a0-14-gc80a10f4b6 (webtiles) character file.

Game seed: 18066906244890741971

18132 sircluck the Severer (level 12, -6/108 HPs)
             Began as a Hill Orc Fighter on May 5, 2023.
             Was a High Priest of Beogh.
             Killed from afar by an oklob plant (21 damage)
             ... with a splash of acid
             ... in a Gauntlet on May 8, 2023.
             The game lasted 00:20:33 (9922 turns).

sircluck the Severer (Hill Orc Fighter)             Turns: 9922, Time: 00:20:33

Health: -6/108     AC: 12    Str: 34    XL:     12   Next: 55%
Magic:  12/12      EV: 10    Int: 13    God:    Beogh [*****.]
Gold:   465        SH:  0    Dex: 10    Spells: 11/11 levels left

rFire   . . .        N - +5 battleaxe (freeze)
rCold   . . .        (shield currently unavailable)
rNeg    . . .        t - +4 chain mail of Renna {rF+ Str+4 Stlth+}
rPois   .            q - +0 helmet
rElec   +            (no cloak)
rCorr   .            (no gloves)
SInv    .            (no boots)
Will    .....        y - amulet of regeneration Stlth
                     O - ring "Viarira" {rElec rF- Str+6 Int+5}
HPRegen 1.18/turn    m - +4 ring of protection
MPRegen 0.13/turn

%: no teleportation
@: corroded
A: walk on water
a: Renounce Religion, Smiting, Recall Orcish Followers, Give Item to Named
Follower


You were in a Gauntlet.
You worshipped Beogh.
Beogh was extremely pleased with you.
You visited 2 branches of the dungeon, and saw 13 of its levels.
You visited the Abyss 1 time.
You also visited: Gauntlet.

You collected 1107 gold pieces.
You spent 642 gold pieces at shops.

Inventory:

Hand Weapons
 a - a +0 war axe
 b - a +3 heavy shortbow
 s - the +5 dagger of Ragnarok {flame, *Noise rN+ Str+4}
   (You took it off a goblin on level 3 of the Dungeon)

   Str:       It affects your strength (+4).
   rN:        It protects you from negative energy.
   *Noise:    It may make noises in combat.
 B - a +3 flail
 D - a +2 dagger of speed
 N - a +5 battleaxe of freezing (weapon)
Missiles
 j - 67 stones (quivered)
 p - 28 poisoned darts
 x - 3 curare-tipped darts
Armour
 c - a +0 buckler
 q - a +0 helmet (worn)
 t - the +4 chain mail of Renna (worn) {rF+ Str+4 Stlth+}
   (You found it on level 5 of the Dungeon)

   Str:       It affects your strength (+4).
   rF:        It protects you from fire.
   Stlth:     It makes you more stealthy.
 C - a +2 kite shield
 I - a +0 cloak
Jewellery
 m - a +4 ring of protection (right hand)
 n - a +5 ring of evasion
 v - a +4 ring of slaying
 y - an amulet of regeneration (around neck)
 H - an amulet of guardian spirit
 O - the ring "Viarira" (left hand) {rElec rF- Str+6 Int+5}
   (You bought it in a shop on level 10 of the Dungeon)

   [ring of strength]

   Str:       It affects your strength (+6).
   Int:       It affects your intelligence (+5).
   rF:        It makes you vulnerable to fire.
   rElec:     It insulates you from electricity.
Wands
 h - a wand of flame (34)
 u - a wand of roots (8)
 E - a wand of digging (4)
 L - a wand of charming (8)
 M - a wand of mindburst (4)
Scrolls
 i - 10 scrolls of identify
 l - 2 scrolls of magic mapping {unknown}
 r - 4 scrolls of enchant armour
 A - 2 scrolls of teleportation {unknown}
 F - a scroll of enchant weapon {unknown}
 G - a scroll of silence {unknown}
 K - 2 scrolls of fog
 P - a scroll of brand weapon {unknown}
Potions
 d - 3 potions of might
 e - 4 potions of mutation {unknown}
 f - 4 potions of curing
 g - 2 potions of flight {unknown}
 k - 3 potions of haste
 o - a potion of lignification {unknown}
 w - 2 potions of brilliance
 z - a potion of heal wounds {unknown}
 J - a potion of attraction {unknown}
Miscellaneous
 Q - a lightning rod (4/4)


   Skills:
 + Level 10.6 Fighting
 + Level 17.6 Axes
 + Level 1.8 Throwing
 + Level 9.7 Armour
 + Level 3.9 Dodging
 + Level 1.3 Stealth
 + Level 8.6 Shields
 + Level 1.3 Evocations


You had 11 spell levels left.
You didn't know any spells.
Your spell library contained the following spells:

 Spells                   Type           Power      Damage    Failure   Level
 Apportation              Tloc           0%         N/A       65%         1
 Necrotise                Necr           0%         1d4       65%         1
 Sting                    Tmut/Pois      0%         1d3       65%         1
 Summon Small Mammal      Summ           0%         N/A       65%         1
 Poisonous Vapours        Pois/Air       0%         N/A       80%         2
 Sublimation of Blood     Necr           0%         N/A       80%         2
 Wereblood                Tmut           0%         N/A       80%         2
 Call Canine Familiar     Summ           0%         N/A       95%         3
 Frozen Ramparts          Ice            0%         1d1       95%         3
 Gell's Gravitas          Tloc           0%         N/A       95%         3
 Ozocubu's Armour         Ice            0%         N/A       95%         3
 Stone Arrow              Conj/Erth      0%         3d7       95%         3
 Summon Guardian Golem    Hex/Summ       0%         N/A       95%         3
 Teleport Other           Tloc           0%         N/A       95%         3
 Animate Armour           Summ/Erth      0%         N/A       100%        4
 Animate Dead             Necr           0%         N/A       100%        4
 Ice Form                 Ice/Tmut       0%         N/A       100%        4
 Olgreb's Toxic Radiance  Pois           0%         N/A       100%        4
 Petrify                  Tmut/Erth      0%         N/A       100%        4
 Summon Ice Beast         Ice/Summ       0%         N/A       100%        4
 Borgnjor's Vile Clutch   Necr/Erth      0%         N/A       100%        5
 Irradiate                Conj/Tmut      0%         3d11      100%        5
 Metabolic Englaciation   Hex/Ice        0%         N/A       100%        5
 Death Channel            Necr           0%         N/A       100%        6
 Dispersal                Tloc           0%         N/A       100%        6
 Simulacrum               Ice/Necr       0%         N/A       100%        6
 Summon Hydra             Summ           0%         N/A       100%        7
 Lehudib's Crystal Spear  Conj/Erth      0%         10d2      100%        8


Dungeon Overview and Level Annotations

Branches:
Dungeon (11/15)              Lair (0/5) D:10            Orc (2/2) D:10
    Elf (0/3) Orc:2       Gauntlet (1/1)
 Temple: D:4-7

Altars:
Cheibriados
Fedhas
Hepliaklqana
Okawaru
Sif Muna
Trog
Xom
Yredelemnul
Zin
Beogh

Shops:
D:10 =

Annotations:
Orc:2 Saint Roka Gauntlet 9 transporters, 1 runed translucent door, exclusion: oklob plant


Message History

You enter the transporter and appear at another place.
No reachable target in view!
You open the acid dragon like a pillowcase!!!
You freeze the acid dragon!
You kill the acid dragon!
Beogh accepts your kill.
The flying skull gives a hideous shriek!
Partly explored, unvisited transporter and can't reach some items.
The flying skull gives a hideous shriek!
Really walk into a travel-excluded area?
The entropy weaver shouts!
You hear a faint skittering sound.
The oklob plant spits acid at you. The splash of acid hits you!!
The acid corrodes you!
The wolf spider's many legs skitter.
The jumping spider's many legs skitter faintly.
The oklob plant spits acid at you. The splash of acid hits you!!
The oklob plant spits acid at you. The splash of acid hits you!
You hit the oklob plant. You freeze the oklob plant.
The oklob plant is lightly damaged.
You slice the oklob plant!! You freeze the oklob plant!
The oklob plant is severely damaged.
The oklob plant spits acid at you. The splash of acid hits you!!
* * * LOW HITPOINT WARNING * * *
The acid corrodes you!
You hit the oklob plant but do no damage.
The oklob plant is severely damaged.
You hit the oklob plant but do no damage.
The oklob plant is severely damaged.
The oklob plant spits acid at you. The splash of acid hits you!!
* * * LOW HITPOINT WARNING * * *
The acid corrodes you!
You hit the oklob plant but do no damage.
The oklob plant is severely damaged.
The oklob plant spits acid at you. The splash of acid hits you!!
You die...

#≈..#.≈.≈≈.≈≈©#..#ss.#..©#.
##..#.≈..≈..≈.#..#########.
#≈..#..≈≈ssB≈s#.....#©#....
##..###########.....#©#....
#≈......#©#......#########.
##......#©#......#!$#©#..#.
#§..###########..#.#.#.#.#.
##..#....©=!..#..#z#.#.#.#.
#≈..#....P@...#..#z.#©#.z#.
##..#.#######.#..#z#.#.#z#§
#§..#.#.#.#.#.#..#z#.#.#.#.
##..#....©....#..#z.#z#.z#.
#≈..##.#.#.#.##..#########.
##..#.#######.#.....#©#....
#≈..#.........#.....#©#....
##..#.........#..#########.
#≈..###########..#Z##©.?[#.


You could see an entropy weaver, a wolf spider, an oklob plant and 2 jumping
spiders.

Vanquished Creatures
  2 two-headed ogres (D:9)
  A centaur warrior (D:9)
  Pikel (D:6)
  An orc knight (Orc:2)
  A cyclops (D:11)
  A manticore (D:9)
  Joseph (D:6)
  Maggie (D:8)
  An efreet (D:9)
  Psyche (D:11)
  A kobold demonologist (D:9)
  A komodo dragon (D:11)
  6 trolls
  A meliai (D:9)
  2 hornets
  A shadow (D:10)
  A slime creature (D:9)
  A vampire (D:11)
  2 wraiths (D:9)
  A wyvern (D:9)
  26 yaks
  A basilisk (D:9)
  Grum (D:8)
  A neqoxec (Gauntlet)
  2 chaos spawn (Gauntlet)
  Menkaure (D:6)
  2 wargs
  An acid dragon (Gauntlet)
  2 water moccasins
  7 orc warriors
  An ice beast (D:8)
  4 centaurs
  3 lemures (D:6)
  3 wolves (D:8)
  4 kobold brigands
  3 bullfrogs
  3 scorpions
  3 gnoll sergeants
  14 wights
  10 killer bees
  5 howler monkeys
  3 hounds
  2 jellies
  A gnoll bouda (D:6)
  7 orc priests
  Terence (D:2)
  6 iguanas
  A sleepcap (D:5)
  10 orc wizards
  12 gnolls (D:6)
  5 adders
  A shadow imp (D:7)
  3 dart slugs
  26 orcs
  9 ball pythons
  4 endoplasms
  A giant cockroach (D:4)
  5 goblins
  8 hobgoblins
  3 jackals (D:1)
  17 kobolds
  4 quokkas
  6 bats
  2 frilled lizards
  3 rats
265 creatures vanquished.

Vanquished Creatures (collateral kills)
  A two-headed ogre (Orc:2)
  A gargoyle (D:11)
  3 yaks
  A wyvern (D:11)
  2 orc warriors (Orc:2)
  An ogre (Orc:1)
  5 orc priests (Orc:2)
  An orc wizard (Orc:1)
  10 orcs
  A kobold (D:10)
26 creatures vanquished.

Vanquished Creatures (others)
  11 orc warriors (Orc:2)
  A troll (D:9)
  A killer bee (D:9)
  8 orc priests (Orc:2)
  4 orc wizards
  26 orcs
51 creatures vanquished.

Grand Total: 342 creatures vanquished

Notes
Turn   | Place    | Note
-------+----------+-------------------------------------------
     0 | D:1      | sircluck the Hill Orc Fighter began the quest for the Orb.
     0 | D:1      | Reached XP level 1. HP: 19/19 MP: 1/1
   107 | D:1      | Reached XP level 2. HP: 27/27 MP: 2/2
   156 | D:1      | Upgraded the game from 0.31-a0-7-g51783674b7 to
                  | 0.31-a0-14-gc80a10f4b6
   381 | D:1      | Reached skill level 3 in Axes
   463 | D:1      | Reached XP level 3. HP: 33/33 MP: 3/3
   761 | D:2      | Noticed Terence
   775 | D:2      | Killed Terence
   776 | D:2      | Reached XP level 4. HP: 34/41 MP: 4/4
   941 | D:2      | Reached skill level 4 in Axes
  1458 | D:3      | Identified the +5 dagger of Ragnarok {flame, *Noise rN+
                  | Str+4}
  2200 | D:4      | Found a glowing silver altar of Zin.
  2212 | D:4      | Noticed a scorpion
  2219 | D:4      | Killed a scorpion
  2220 | D:4      | Reached skill level 5 in Axes
  2220 | D:4      | Reached XP level 5. HP: 30/47 MP: 5/5
  2583 | D:4      | Reached XP level 6. HP: 53/53 MP: 6/6
  3008 | D:5      | Entered Level 5 of the Dungeon
  3024 | D:5      | Became a worshipper of Beogh the Brigand
  3178 | D:5      | Reached skill level 6 in Axes
  3509 | D:5      | Identified the +4 chain mail of Renna {rF+ Str+4 Stlth+}
  3587 | D:5      | Reached skill level 5 in Armour
  3587 | D:5      | Reached XP level 7. HP: 47/60 MP: 7/7
  3837 | D:5      | Reached skill level 7 in Axes
  3970 | D:6      | Reached skill level 5 in Fighting
  3970 | D:6      | Reached skill level 1 in Dodging
  4134 | D:6      | Reached skill level 8 in Axes
  4278 | D:6      | Reached XP level 8. HP: 49/68 MP: 8/8
  4478 | D:6      | Reached skill level 9 in Axes
  4487 | D:6      | Reached * piety under Beogh
  4731 | D:6      | Found a blossoming altar of Fedhas.
  4738 | D:6      | Found an iron altar of Okawaru.
  4744 | D:6      | Found a basalt altar of Yredelemnul.
  4752 | D:6      | Found a bloodstained altar of Trog.
  4757 | D:6      | Found a shimmering altar of Xom.
  4764 | D:6      | Found a snail-covered altar of Cheibriados.
  4770 | D:6      | Found a hazy altar of Hepliaklqana.
  5165 | D:7      | Noticed Menkaure
  5180 | D:6      | Killed Menkaure
  5181 | D:6      | Reached skill level 10 in Axes
  5412 | D:7      | Noticed Joseph
  5416 | D:7      | Noticed Pikel
  5601 | D:6      | Killed Pikel
  5602 | D:6      | Reached skill level 11 in Axes
  5602 | D:6      | Reached skill level 5 in Shields
  5602 | D:6      | Reached XP level 9. HP: 58/75 MP: 9/9
  5676 | D:6      | Killed Joseph
  5898 | D:7      | Reached skill level 1 in Throwing
  5940 | D:7      | You fall into a shaft and drop 2 floors!
  5957 | D:8      | Noticed Grum
  5967 | D:8      | Killed Grum
  5970 | D:8      | Reached skill level 12 in Axes
  6012 | D:8      | Noticed a hornet
  6020 | D:8      | Killed a hornet
  6020 | D:8      | Reached ** piety under Beogh
  6021 | D:8      | Reached XP level 10. HP: 86/86 MP: 10/10
  6243 | D:8      | Reached skill level 13 in Axes
  6465 | D:8      | Noticed Maggie
  6480 | Abyss:2  | Cast into level 2 of the Abyss (Maggie)
  6498 | D:8      | Escaped the Abyss
  6508 | D:8      | Killed Maggie
  7211 | D:9      | Noticed a kobold demonologist
  7218 | D:9      | Reached skill level 14 in Axes
  7227 | D:9      | Noticed an orange demon
  7235 | D:9      | Noticed a rust devil
  7284 | D:9      | Killed a kobold demonologist
  7284 | D:9      | Reached *** piety under Beogh
  7285 | D:9      | Reached XP level 11. HP: 90/94 MP: 11/11
  7301 | D:9      | Noticed a two-headed ogre
  7311 | D:9      | Killed a two-headed ogre
  7349 | D:9      | Paralysed by a hornet for 2 turns
  7395 | D:9      | Reached skill level 15 in Axes
  7632 | D:9      | Noticed a manticore
  7639 | D:9      | Killed a manticore
  7684 | D:9      | Noticed a centaur warrior
  7690 | D:9      | Killed a centaur warrior
  8004 | D:9      | Noticed a two-headed ogre
  8014 | D:9      | Killed a two-headed ogre
  8015 | D:9      | Reached skill level 16 in Axes
  8069 | D:10     | Entered Level 10 of the Dungeon
  8069 | D:10     | Found Nuekhlew's Jewellery Shop.
  8076 | D:10     | Bought the ring "Viarira" {rElec rF- Str+6 Int+5} for 642
                  | gold pieces
  8183 | D:10     | Reached **** piety under Beogh
  8311 | D:10     | Reached XP level 12. HP: 62/106 MP: 12/12
  8424 | D:10     | Found a staircase to the Orcish Mines.
  8446 | Orc:1    | Entered Level 1 of the Orcish Mines
  8452 | Orc:1    | Reached skill level 10 in Fighting
  8495 | Orc:1    | Found a roughly hewn altar of Beogh.
  8568 | Orc:1    | Found a shimmering blue altar of Sif Muna.
  8648 | Orc:2    | Entered Level 2 of the Orcish Mines
  8648 | Orc:2    | Found a staircase to the Elven Halls.
  8808 | Orc:2    | Noticed an orc warlord
  8814 | Orc:2    | Noticed a two-headed ogre
  8815 | Orc:2    | Noticed Saint Roka
  8819 | Orc:2    | Reached skill level 1 in Evocations
  8826 | Orc:2    | Noticed an orc high priest
  8826 | Orc:2    | Killed a two-headed ogre
  8827 | Orc:2    | Reached skill level 17 in Axes
  8835 | Orc:2    | Gained Ogrik as an ally
  8837 | Orc:2    | Your ally Ogrik died
  8961 | D:10     | Found a staircase to the Lair.
  9328 | D:11     | Noticed Psyche
  9334 | D:11     | Killed Psyche
  9334 | D:11     | Reached ***** piety under Beogh
  9469 | D:11     | Gained Morguth as an ally
  9512 | D:11     | Reached skill level 1 in Stealth
  9620 | D:11     | Found a gate leading to a gauntlet.
  9680 | Gauntlet | Entered a Gauntlet
  9680 | Gauntlet | Found a transporter.
  9680 | Gauntlet | Found a transporter.
  9680 | Gauntlet | Found a transporter.
  9691 | Gauntlet | Found a transporter.
  9732 | Gauntlet | Found a transporter.
  9733 | Gauntlet | Found a transporter.
  9736 | Gauntlet | Noticed an entropy weaver
  9743 | Gauntlet | Found a transporter.
  9762 | Gauntlet | Noticed an entropy weaver
  9763 | Gauntlet | Found a transporter.
  9767 | Gauntlet | Found a runed translucent door.
  9786 | Gauntlet | Found a transporter.
  9786 | Gauntlet | Found a transporter.
  9794 | Gauntlet | Found a transporter.
  9797 | Gauntlet | Found a transporter.
  9922 | Gauntlet | Killed from afar by an oklob plant

Illustrated notes

Levels and vault maps discovered:
D:1:      roderic_dead_forest, layout_loops_ring
D:2:      layout_basic, hex_intersection, uniq_terence
D:3:      layout_loops_ring
D:4:      layout_rooms, lemuel_doored_altar
D:5:      layout_gridville, nicolae_ossuary_entry_monument
D:6:      layout_loops_ring, grunt_temple_overflow_octagram
D:7:      layout_basic, minmay_temple_entry_ruins, uniq_pikel, uniq_duvessa,
          uniq_joseph, uniq_menkaure
D:8:      layout_basic, uniq_grum, uniq_maggie
D:9:      hangedman_cross_veins, layout_small_grid
D:10:     minmay_general_purpose_star, layout_irregular_city, lair_entry_dummy,
          orc_0_dummy, serial_shops, shop
D:11:     layout_irregular_city, gauntlet_entry_generic, uniq_psyche
Orc:1:    layout_caves, basic_altar, led_sif_book
Orc:2:    grunt_orc_community_town_hall, layout_caves,
          grunt_orc_community_big_house_1, grunt_orc_community_big_house_2,
          grunt_orc_community_house_2, grunt_orc_community_house_1,
          grunt_orc_community_house_1, grunt_orc_community_house_3,
          grunt_orc_community_house_2, grunt_orc_community_house_3,
          uniq_saint_roka
Gauntlet: minmay_gauntlet_mixed_big_or_small [gammafunk_gauntlet_arena_corners,
          minmay_gauntlet_arena_77_fan, gammafunk_gauntlet_arena_teeth,
          minmay_gauntlet_arena_77_braids, nicolae_gauntlet_arena_flowing_pool,
          minmay_gauntlet_arena_77_path, gauntlet_exit_watery]

Skill      XL: |  1  2  3  4  5  6  7  8  9 10 11 12 |
---------------+-------------------------------------+-----
Fighting       | 4 5 6 7 8 9 10 | 10.6
Axes           | 3 5 6 8 11 12 14 16 17 | 17.6
Armour         | 4 5 6 7 8 9 |  9.7
Shields        | 4 5 6 7 8 |  8.6
Dodging        | 1 2 3 |  3.9
Throwing       | 1 |  1.8
Evocations     | 1 |  1.3
Stealth        | 1 |  1.3

Action                     |  1- 3 |  4- 6 |  7- 9 | 10-12 || total
---------------------------+-------+-------+-------+-------++-------
  Melee: War axe           |    76 |   147 |   234 |   239 ||   696
         Battleaxe         |       |       |       |   155 ||   155
  Throw: Stone             |       |       |    10 |    15 ||    25
 Invoke: Convert to Beogh  |       |     1 |       |       ||     1
         Recall Orcish Fol |       |       |       |     1 ||     1
         Give Item to Name |       |       |       |     1 ||     1
  Evoke: Wand              |       |       |       |    10 ||    10
    Use: Scroll            |       |     8 |       |     2 ||    10
         Potion            |       |     5 |       |     3 ||     8
   Stab: Distracted        |       |       |       |     2 ||     2
 Armour: Scale mail        |    38 |    31 |       |       ||    69
         Chain mail        |       |    41 |   129 |   210 ||   380
  Dodge: Dodged            |    43 |    51 |    86 |   146 ||   326
  Block: Buckler           |    15 |    25 |    32 |       ||    72
         Kite shield       |       |       |    78 |   105 ||   183

Table legend: (Time is in decaauts)
 A = Elapsed time spent in this place.
 B = Non-inter-level travel time spent in this place.
 C = Inter-level travel time spent in this place.
 D = Time resting spent in this place.
 E = Time spent auto-exploring this place.
 F = Levels seen in this place.
 G = Mean time per level.
                   A        B        C        D        E       F      G
               +--------+--------+--------+--------+--------+-----+--------+
         Total |   9985 |   9388 |    597 |    547 |   6396 |  15 |  665.7 |
       Dungeon |   9258 |   8661 |    597 |    493 |   6099 |  11 |  841.6 |
  Orcish Mines |    469 |    469 |      0 |     54 |    233 |   2 |  234.5 |
         Abyss |     17 |     17 |      0 |      0 |      0 |   1 |   17.0 |
      Gauntlet |    240 |    240 |      0 |      0 |     64 |   1 |  240.0 |
               +--------+--------+--------+--------+--------+-----+--------+

Top non-repeatable levels by time:
     D:6: 1594 daAuts
     D:8: 1109 daAuts
     D:3: 1038 daAuts
     D:5: 1028 daAuts
     D:9: 974 daAuts
     D:1: 772 daAuts
    D:10: 709 daAuts
     D:4: 643 daAuts
     D:2: 611 daAuts
    D:11: 402 daAuts
     D:7: 373 daAuts
   Orc:1: 263 daAuts
Gauntlet: 240 daAuts
   Orc:2: 205 daAuts
 Abyss:2: 17 daAuts
